 Dungeon Crawl Stone Soup version 0.29-a0-789-g7a8fcbc185 (webtiles) character file.

Game seed: 15616864799663439582

61632 buhh the Fighter (level 15, -1/132 HPs)
             Began as an Octopode Transmuter on July 3, 2022.
             Was a High Priest of Cheibriados.
             Succumbed to Rupert's poison
             ... on level 13 of the Dungeon.
             The game lasted 00:56:57 (28322 turns).

buhh the Fighter (Octopode Transmuter)             Turns: 28322, Time: 00:56:58

Health: -1/132     AC: 11    Str: 21    XL:     15   Next: 3%
Magic:  32/32      EV: 24    Int: 39    God:    Cheibriados [*****.]
Gold:   1717       SH:  0    Dex: 24    Spells: 8/18 levels left

rFire   x . .      SeeInvis +     - Unarmed
rCold   + + +      Faith    .   (shield currently unavailable)
rNeg    + . .      Spirit   .   (helmet currently unavailable)
rPois   +          Reflect  .   (no amulet)
rElec   .          Harm     .   l - ring of positive energy
rCorr   +          Rampage  .   m - +4 ring of slaying
Will    +....                   q - ring of magical power
Stlth   +++.......              w - ring of poison resistance
HPRegen 0.32/turn               B - ring of see invisible
MPRegen 0.23/turn               p - +4 ring of evasion
                                D - +6 ring of intelligence
                                C - ring of resist corrosion

@: lethally poisoned (-1 -> -16), ice-form, very slow
A: freezing attack, boosted hp, almost no armour, amphibious, 8 rings, large,
(camouflage 1), (gelatinous body 1), (nimble swimmer 1), (tentacles)
a: End Transformation, Renounce Religion, Bend Time, Temporal Distortion,
Slouch, Step From Time


You were on level 13 of the Dungeon.
You worshipped Cheibriados.
Cheibriados was extremely pleased with you.
You were a creature of crystalline ice.
You visited 4 branches of the dungeon, and saw 22 of its levels.
You also visited: Sewer, Bailey and Gauntlet.

You collected 2991 gold pieces.
You spent 1274 gold pieces at shops.

Inventory:

Missiles
 i - 52 poisoned darts
 j - 4 curare-tipped darts
 k - 2 throwing nets {!f}
Armour
 b - the +3 hat of Pondering (melded) {ponderous, Will+ MP+10 Int+5}
   (You found it in a bailey)

   Int:       It affects your intelligence (+5).
   MP:        It affects your magic capacity (+10).
   Will:      It increases your willpower.
Magical Staves
 u - a staff of air
Jewellery
 d - the ring "Uryfreh" {Ice Int+4}
   (You found it on level 10 of the Dungeon)

   [ring of ice]

   It enhances your ice magic.
   Int:       It affects your intelligence (+4).
   rF:        It makes you vulnerable to fire.
   rC:        It protects you from cold.
 l - a ring of positive energy (left front paw)
 m - a +4 ring of slaying (right front paw)
 p - a +4 ring of evasion (on tentacle)
 q - a ring of magical power (on tentacle)
 w - a ring of poison resistance (on tentacle)
 B - a ring of see invisible (on tentacle)
 C - a ring of resist corrosion (on tentacle)
 D - a +6 ring of intelligence (on tentacle)
Wands
 r - a wand of flame (1)
 x - a wand of polymorph (5)
 A - a wand of mindburst (5)
 G - a wand of paralysis (22)
Scrolls
 a - 2 scrolls of brand weapon
 c - a scroll of blinking {!d}
 g - a scroll of identify {!d}
 n - 3 scrolls of vulnerability
 t - a scroll of teleportation {!d}
 v - 2 scrolls of summoning
 F - 2 scrolls of enchant weapon
 P - a scroll of magic mapping {!r!d}
 X - 2 scrolls of amnesia
 Z - 2 scrolls of enchant armour
Potions
 f - 2 potions of might
 h - 3 potions of berserk rage {!q}
 o - 4 potions of attraction
 s - 2 potions of degeneration
 z - a potion of flight {unknown}
 E - a potion of ambrosia {unknown}
 H - 2 potions of invisibility {!q!d}
 J - 2 potions of magic {!q!d}
 K - 5 potions of brilliance {!q!d}
 M - 3 potions of heal wounds {!q!d}
 N - 9 potions of curing {!q!d}
 O - 7 potions of haste {!q!d}
 U - 5 potions of mutation {!d}
 V - a potion of cancellation {!q!d}
Miscellaneous
 e - a tin of tremorstones (2/2)


   Skills:
 - Level 13.0 Fighting
 - Level 13.0 Dodging
 - Level 5.0 Stealth
 - Level 13.0 Unarmed Combat
 - Level 2.0 Spellcasting
 * Level 7.1 Transmutations
 - Level 4.0 Ice Magic
 * Level 5.5 Air Magic
 - Level 2.0 Poison Magic
 - Level 11.0 Invocations


You had 8 spell levels left.
You knew the following spells:

 Your Spells              Type           Power      Damage    Failure   Level
a - Beastly Appendage     Tmut           100%       N/A       1%          1
b - Wereblood             Tmut           56%        N/A       1%          2
c - Spider Form           Tmut/Pois      39%        N/A       1%          3
d - Ice Form              Ice/Tmut       47%        N/A       4%          4

Your spell library contained the following spells:

 Spells                   Type           Power      Damage    Failure   Level
 Poisonous Vapours        Pois/Air       66%        N/A       1%          2
 Ensorcelled Hibernation  Hex/Ice        38%        N/A       2%          2
 Ignite Poison            Fire/Tmut/Pois 27%        N/A       3%          3
 Slow                     Hex            12%        N/A       4%          1
 Blade Hands              Tmut           28%        N/A       6%          5
 Confusing Touch          Hex            3%         N/A       13%         3
 Conjure Flame            Conj/Fire      3%         6-21      13%         3
 Dazzling Flash           Conj/Hex       6%         N/A       13%         3
 Vampiric Draining        Necr           3%         2d6       13%         3
 Summon Lightning Spire   Summ/Air       25%        N/A       14%         4
 Corpse Rot               Necr/Pois/Air  23%        N/A       16%         4
 Summon Ice Beast         Ice/Summ       19%        N/A       19%         4
 Irradiate                Conj/Tmut      15%        3d18      28%         5
 Yara's Violent Unravell  Hex/Tmut       15%        3d8       28%         5
 Silence                  Hex/Air        12%        N/A       36%         5
 Anguish                  Hex/Necr       1%         N/A       38%         4
 Iskenderun's Mystic Bla  Conj/Tloc      3%         2d3       38%         4
 Passage of Golubria      Tloc           3%         N/A       38%         4
 Sticky Flame             Conj/Fire      3%         2d3       38%         4
 Summon Mana Viper        Hex/Summ       3%         N/A       75%         5
 Dragon Form              Tmut           28%        N/A       89%         7
 Storm Form               Tmut/Air       26%        N/A       95%         7
 Starburst                Conj/Fire      1%         6d3       100%        6
 Enfeeble                 Hex            1%         N/A       100%        7
 Monstrous Menagerie      Summ           1%         N/A       100%        7
 Lehudib's Crystal Spear  Conj/Erth      1%         10d2      100%        8
 Maxwell's Capacitive Co  Air            23%        ∞         100%        8


Dungeon Overview and Level Annotations

Branches:
Dungeon (13/15) Zot: 40203  Temple (1/1) D:6 Zot: 8865    Lair (6/6) D:9 Zot: 39691
 Shoals (0/4) Lair:4       Spider (0/4) Lair:2          Orc (2/2) D:9 Zot: 14161
    Elf (0/3) Orc:2        Vaults (0/5) D:13          Sewer (visited)
 Bailey (visited)         Gauntlet (visited)
  Slime: Lair:5-6

Altars:
Ashenzari
Cheibriados
Dithmenos
Elyvilon
Fedhas
Gozag
Hepliaklqana
Kikubaaqudgha
Makhleb
Nemelex Xobeh
Okawaru
Qazlal
Ru
Sif Muna
Trog
Uskayaw
Vehumet
Wu Jian
Xom
Yredelemnul
Zin
The Shining One

Shops:
D:5 [   D:7 *   Orc:1 =   Orc:2 =[((

Annotations:
D:2 1 exclusion
D:6 Edmund
D:10 exclusions: acid dragon, necromancer and orange demon, Amaemon
D:13 Rupert
Lair:1 3 runed translucent doors, ReploidZero's ghost, journeyman OgIE
Orc:2 1 runed translucent door, buhh's ghost, adept OpTm


Innate Abilities, Weirdness & Mutations

You are a creature of crystalline ice.
You have a powerful freezing melee attack.
Your maximum health is increased.
Your armour is entirely melded.
You are incapable of wielding weapons or throwing items.
You cannot wear most types of armour.
You are amphibious.
You can wear up to eight rings at the same time.
((Your skin changes colour to match your surroundings (Stealth+).))
((Your rubbery body absorbs attacks. (AC +1, EV +1)))
((You are camouflaged when in or above water. (Stealth+)))
((You have tentacles for arms and can constrict up to eight enemies at once.))


Message History

You feel sick. Rupert roars wildly at you.
You suddenly lose the ability to move!
You feel sick. x2
Rupert looks more energetic.
Rupert roars wildly at you.
You shrug off the repeated paralysis!
You feel sick. Rupert yells loudly at you.
You are confused.
The boulder beetle waves its antennae.
You feel sick.
Rupert hits you with a +0 executioner's axe of venom!!
You feel sick.
Rupert asks, "You're a monster, aren't you?"
Rupert roars wildly at you.
You struggle to resist.
You can move again.
Really quaff
M - 4 potions of heal wounds {!q!d}?
You feel much better.
You feel sick. Rupert barely misses you.
You're too confused to move!
You feel sick. Rupert closely misses you.
You bump into the rock wall.
You feel sick. Rupert completely misses you.
The boulder beetle leaps!
You feel sick.
Rupert looks excited.
Rupert roars madly and goes into a rage!
Rupert goes berserk!
Rupert hits you with a +0 executioner's axe of venom!!!
You are more poisoned.
You punch Rupert! You freeze Rupert.
Rupert is almost dead.
You feel less confused.
You feel very sick.
Rupert hits you with a +0 executioner's axe of venom!!!
* * * LOW HITPOINT WARNING * * *
Blink to where?
Press: ? - help, Dir - move target Floosh!
As you read the scroll of blinking {!d}, it crumbles to dust.
You die...

##.....# .
#......# ...
#...<..###.....
###.....†........
##≈≈≈≈≈≈.###......
#≈≈≈≈≈≈≈≈≈##......
#≈≈≈≈≈≈≈≈≈≈≈......
#≈≈≈≈≈≈#≈≈≈≈≈.....
#≈Y≈≈≈≈≈≈≈≈≈≈≈..##
#≈≈≈≈≈≈≈≈≈≈≈≈≈..
#≈≈≈≈≈≈≈≈≈≈≈≈≈≈≈
#≈§≈≈≈≈≈≈≈≈≈≈≈≈≈
#†@≈≈≈≈†≈≈≈≈≈≈..
#pp.÷.B...!....
#≈.≈≈≈≈≈≈≈≈≈≈.
##.≈≈≈≈≈≈≈##..
#.≈≈≈#####


You could see Rupert (berserk), a boulder beetle and 2 humans.

Vanquished Creatures
  Saint Roka (Orc:2)
  4 boulder beetles
  An ogre mage (D:12)
  3 hydras
  An anaconda (shapeshifter) (D:13)
  Erica (D:9)
  6 two-headed ogres
  3 centaur warriors
  3 death yaks (D:9)
  Urug (D:13)
  2 orc high priests
  A sun demon (D:11)
  Sonja (Lair:1)
  A soul eater (D:11)
  Nergalle (Lair:1)
  2 sixfirhies (D:11)
  A skeletal warrior (D:12)
  4 orc knights
  2 orc sorcerers
  4 black mambas
  10 elephants
  A molten gargoyle (Lair:6)
  5 gargoyles
  An unseen horror (D:10)
  9 cane toads
  4 kobold demonologists (D:9)
  A tengu conjurer (D:12)
  9 komodo dragons
  A rime drake (Lair:5)
  6 trolls
  A slime creature (D:12)
  5 blink frogs
  Sigmund (D:3)
  46 yaks
  2 water elementals (D:13)
  5 vampires
  3 wyverns
  9 basilisks
  A shadow (D:9)
  12 humans (D:13)
  2 chaos spawn (D:11)
  A warg (Orc:1)
  18 water moccasins
  37 orc warriors
  2 ice beasts
  A sky beast (D:7)
  A black bear (Lair:3)
  3 ogres (Orc:2)
  3 wolves (Lair:2)
  4 centaurs
  4 kobold brigands
  7 bullfrogs
  A gnoll sergeant (D:9)
  5 scorpions
  3 wights (D:5)
  11 killer bees
  3 howler monkeys
  3 electric eels
  7 vampire bats (Bailey)
  7 wolf zombies (Bailey)
  2 jellies
  A quasit (D:11)
  4 hounds
  25 orc priests
  2 boudas
  Jessica (D:3)
  An iguana (D:5)
  26 orc wizards
  15 hell rats
  A boggart simulacrum (D:12)
  13 gnolls
  5 adders
  2 white imps (D:5)
  An ufetubus (D:6)
  2 worms (Lair:2)
  A dart slug (D:4)
  125 orcs
  9 bats
  3 endoplasms
  7 giant cockroaches
  15 goblins
  6 hobgoblins
  5 jackals
  44 kobolds
  5 quokkas
  14 ball pythons
  3 frilled lizards
  20 orc zombies (Bailey)
  10 rats
666 creatures vanquished.

Vanquished Creatures (others)
  19 fungi
  42 plants
  5 toadstools (D:2)
66 creatures vanquished.

Grand Total: 732 creatures vanquished

Notes
Turn   | Place    | Note
-------+----------+-------------------------------------------
     0 | D:1      | buhh the Octopode Transmuter began the quest for the Orb.
     0 | D:1      | Reached XP level 1. HP: 13/13 MP: 3/3
   272 | D:1      | Reached XP level 2. HP: 18/18 MP: 3/5
   419 | D:1      | Found a faded altar of an unknown god.
   904 | D:1      | Reached XP level 3. HP: 18/25 MP: 4/6
  2340 | D:3      | Found a basalt altar of Yredelemnul.
  2445 | D:3      | Noticed Jessica
  2494 | D:3      | Reached XP level 4. HP: 29/29 MP: 5/7
  2635 | D:3      | Killed Jessica
  2763 | D:3      | Identified the +1 scale mail "Jaogugimp" {Str+3 Dex+4}
  3074 | D:3      | Noticed Sigmund
  3075 | D:3      | Found a shadowy altar of Dithmenos.
  3080 | D:3      | Killed Sigmund
  3081 | D:3      | Reached XP level 5. HP: 37/37 MP: 6/8
  3081 | D:3      | Reached XP level 6. HP: 43/43 MP: 6/9
  3363 | D:3      | Found a stormy altar of Qazlal.
  3365 | D:3      | Found a bloodstained altar of Trog.
  3892 | D:4      | Identified the +0 robe "Gagokkem" {Will- Str+3}
  4564 | D:5      | Entered Level 5 of the Dungeon
  4570 | D:5      | Reached XP level 7. HP: 49/49 MP: 8/10
  4614 | D:4      | Learned a level 2 spell: Wereblood
  4618 | D:4      | Learned a level 3 spell: Spider Form
  4685 | D:5      | Found Xacedaen's Antique Armour Shoppe.
  4878 | D:5      | Found a shimmering blue altar of Sif Muna.
  5408 | D:6      | Found a glowing drain.
  5412 | Sewer    | Entered a sewer
  6104 | D:6      | Found a staircase to the Ecumenical Temple.
  6117 | Temple   | Entered the Ecumenical Temple
  6172 | Temple   | Became a worshipper of Cheibriados the Contemplative
  6333 | D:6      | Reached XP level 8. HP: 43/55 MP: 11/11
  7344 | D:5      | Reached * piety under Cheibriados
  8178 | D:6      | Noticed Edmund
  8343 | D:7      | Reached XP level 9. HP: 36/63 MP: 12/12
  8684 | D:7      | Found Bythrukk's Serpentskin Sales.
  8692 | D:7      | Reached ** piety under Cheibriados
  8708 | D:7      | Bought a scroll of poison for 52 gold pieces
  8708 | D:7      | Bought a scroll of poison for 52 gold pieces
  8822 | D:7      | Bought a ring of poison resistance for 300 gold pieces
  9006 | D:7      | Found a sacrificial altar of Ru.
  9502 | D:8      | Reached *** piety under Cheibriados
  9622 | D:8      | Found a flagged portal.
  9642 | Bailey   | Entered a bailey
  9731 | Bailey   | Learned a level 4 spell: Ice Form
 10118 | Bailey   | Reached **** piety under Cheibriados
 10316 | Bailey   | Found the +3 hat of Pondering {ponderous, Will+ MP+10
                  | Int+5}
 10615 | Bailey   | Noticed a gargoyle
 10624 | Bailey   | Killed a gargoyle
 10625 | Bailey   | Reached XP level 10. HP: 34/72 MP: 4/13
 11046 | D:8      | Found a hazy altar of Hepliaklqana.
 11614 | D:9      | Found a hide-covered altar of Uskayaw.
 11618 | D:9      | Noticed a kobold demonologist
 11620 | D:9      | Noticed a kobold demonologist
 12520 | D:9      | Reached ***** piety under Cheibriados
 12657 | D:9      | Noticed a death yak
 12689 | D:10     | Entered Level 10 of the Dungeon
 12689 | D:10     | Noticed Amaemon
 12689 | D:10     | Noticed an orange demon
 12750 | D:9      | Noticed a kobold demonologist
 12751 | D:9      | Noticed a kobold demonologist
 12757 | D:9      | Noticed a centaur warrior
 12759 | D:9      | Killed a kobold demonologist
 12759 | D:9      | Killed a kobold demonologist
 12764 | D:9      | Killed a kobold demonologist
 12765 | D:9      | Killed a kobold demonologist
 12768 | D:9      | Killed a centaur warrior
 12769 | D:9      | Reached XP level 11. HP: 64/78 MP: 14/14
 12774 | D:9      | Noticed a death yak
 12776 | D:9      | Noticed a two-headed ogre
 12778 | D:9      | Noticed a death yak
 13239 | D:10     | Found a glowing golden altar of the Shining One.
 13287 | D:10     | Noticed a necromancer
 13358 | D:10     | Found a sparkling altar of Nemelex Xobeh.
 13387 | D:10     | Found an iron altar of Okawaru.
 13417 | D:10     | Noticed a two-headed ogre
 13427 | D:10     | Killed a two-headed ogre
 13448 | D:10     | Identified the ring "Uryfreh" {Ice Int+4}
 13644 | D:9      | Found a staircase to the Orcish Mines.
 13966 | D:9      | Killed a death yak
 13978 | D:9      | Killed a death yak
 13981 | D:9      | Killed a death yak
 14017 | D:9      | Found a staircase to the Lair.
 14030 | D:9      | Killed a two-headed ogre
 14448 | Lair:1   | Entered Level 1 of the Lair of Beasts
 14788 | Lair:1   | Reached ****** piety under Cheibriados
 14793 | Lair:1   | Reached XP level 12. HP: 87/87 MP: 16/16
 14917 | Lair:1   | Noticed a seven-headed hydra
 14927 | Lair:1   | Killed a seven-headed hydra
 15029 | Lair:1   | Found a hide-covered altar of Uskayaw.
 15103 | Lair:1   | Noticed Sonja
 15113 | Lair:1   | Killed Sonja
 15155 | Lair:1   | Noticed Nergalle
 15161 | Lair:1   | Killed Nergalle
 15408 | Lair:1   | Noticed ReploidZero's ghost (journeyman OgIE)
 15482 | Lair:1   | Found a runed translucent gate.
 15482 | Lair:1   | Found a runed translucent gate.
 15482 | Lair:1   | Found a runed translucent gate.
 16092 | Lair:2   | Noticed a boulder beetle
 16094 | Lair:2   | Found a hole to the Spider Nest.
 16115 | Lair:2   | Killed a boulder beetle
 16829 | Lair:2   | Found a shimmering altar of Xom.
 17287 | Lair:3   | Reached skill level 11 in Fighting
 17289 | Lair:3   | Reached skill level 11 in Unarmed Combat
 17292 | Lair:3   | Reached skill level 11 in Dodging
 17328 | Lair:3   | Noticed a boulder beetle
 17336 | Lair:3   | Killed a boulder beetle
 17337 | Lair:3   | Reached XP level 13. HP: 70/95 MP: 19/19
 19393 | Lair:4   | Found a staircase to the Shoals.
 21286 | Lair:6   | Entered Level 6 of the Lair of Beasts
 22157 | D:10     | Found a burning altar of Makhleb.
 22876 | Orc:1    | Entered Level 1 of the Orcish Mines
 22884 | Orc:1    | Noticed Erica
 23038 | D:9      | Reached XP level 14. HP: 104/104 MP: 21/21
 23412 | D:9      | Killed Erica
 24054 | Orc:1    | Found Rifuomy's Jewellery Boutique.
 24065 | Orc:1    | Bought a ring of see invisible for 150 gold pieces
 24065 | Orc:1    | Bought a +4 ring of evasion for 360 gold pieces
 24065 | Orc:1    | Bought a +6 ring of intelligence for 360 gold pieces
 24209 | Orc:2    | Entered Level 2 of the Orcish Mines
 24427 | Orc:2    | Found a runed translucent door.
 24430 | Orc:2    | Noticed buhh's ghost (adept OpTm)
 24475 | Orc:2    | Found a staircase to the Elven Halls.
 24699 | Orc:2    | Found Ecwomn's Antique Weapon Shop.
 25234 | Orc:2    | Found Boosof's Jewellery Shoppe.
 25426 | Orc:2    | Noticed Saint Roka
 25440 | Orc:2    | Killed Saint Roka
 25441 | Orc:2    | Reached skill level 11 in Invocations
 25649 | Orc:2    | Found Masap's Antique Armour Shop.
 25669 | Orc:2    | Found Lara's Antique Weapon Boutique.
 26353 | D:11     | Identified 2 scrolls of acquirement
 26385 | D:12     | Found a gate leading to a gauntlet.
 26390 | Gauntlet | Entered a Gauntlet
 26390 | Gauntlet | Found a transporter.
 26390 | Gauntlet | Found a transporter.
 26439 | Gauntlet | Acquired 1164 gold pieces
 26441 | Gauntlet | Acquired a ring of resist corrosion
 26540 | Gauntlet | Found a transporter.
 26540 | Gauntlet | Found a transporter.
 26582 | Gauntlet | Found a transporter.
 26621 | Gauntlet | Found a transporter.
 26623 | Gauntlet | Found a transporter.
 26623 | Gauntlet | Found a transporter.
 26626 | Gauntlet | Noticed a quicksilver ooze
 26627 | Gauntlet | Noticed a cacodemon
 26635 | Gauntlet | Found a transporter.
 26650 | Gauntlet | Found a transporter.
 26654 | Gauntlet | Found a runed translucent door.
 26661 | Gauntlet | Found a transporter.
 26678 | Gauntlet | Found a transporter.
 26695 | Gauntlet | Found a transporter.
 26696 | Gauntlet | Found the +2 hat of the Bear Spirit {Spirit, *Rage Will++}
 26711 | Gauntlet | Found a transporter.
 27288 | D:12     | Identified the +3 mace of Precise Incision {vorpal, Str+4
                  | Dex+4}
 28088 | D:13     | Noticed Rupert
 28088 | D:13     | Noticed Urug
 28088 | D:13     | Found a gate to the Vaults.
 28252 | D:13     | Killed Urug
 28253 | D:13     | Reached XP level 15. HP: 102/110 MP: 23/23
 28276 | D:13     | Paralysed by Rupert for 2 turns
 28311 | D:13     | Paralysed by Rupert for 5 turns
 28321 | D:13     | HP: 1/132 [Rupert/+0 executioner's axe of venom (43)]
 28322 | D:13     | Succumbed to Rupert's poison

Illustrated notes

Levels and vault maps discovered:
D:1:      spicycebolla_arrival_clurvy, layout_loops_corners,
          chequers_ecumenical_altar_twisty, minmay_hexomino_c4
D:2:      cheibrodos_fertilizer, layout_basic
D:3:      layout_loops_ring, mainiacjoe_overflow_alcove_1, jmf_multi_god_temple,
          nicolae_dithmenos_shadow_blocks, minmay_misc_feat_more_columns,
          corexii_item_surrounded_by_moat, nrook_mini_vaults,
          kennysheep_jessica_study, uniq_sigmund
D:4:      layout_loops_ring, grunt_ministairs_14
D:5:      layout_loops_cross, kennysheep_orc_sif_temple, serial_shops,
          nicolae_square_shop
D:6:      layout_basic, minmay_temple_entry_grid, gup_sewer_entry_bowl,
          uniq_edmund
D:7:      layout_loops_ring, nicolae_ru_path_of_blood, minmay_misc_feat_plants,
          kennysheep_decorative_pillar, guppyfry_shop_venom
D:8:      layout_loops_ring, nicolae_hepliaklqana_hazy_memory, enter_bailey_3,
          minmay_misc_feat_iff, nrook_pool_corridor
D:9:      layout_irregular_city, nicolae_uskayaw_dance_hall, dpeg_lair_monsters,
          erik_orc_2, kennysheep_cluttered_room, roderic_roman_lattice
D:10:     layout_rooms, nemelex_altar_shiori, kennysheep_mini_moat,
          mainiacjoe_overflow_catch_the_wave, serial_bayou_pond_b,
          eino_house_with_fridge, uniq_amaemon
D:11:     layout_basic, serial_demonic, serial_demonic_g, serial_demonic_c,
          serial_demonic_e, serial_demonic_e, serial_demonic_f,
          serial_demonic_f, serial_demonic_a, serial_demonic_d,
          serial_demonic_b, serial_demonic_e, due_unseen_surprise
D:12:     minmay_the_grid_square_5x5_3x3 [minmay_the_grid_square_5x5_gyroscope,
          minmay_the_grid_square_5x5_z, minmay_the_grid_square_5x5_two_walls_b,
          minmay_the_grid_square_5x5_inner_v,
          minmay_the_grid_square_5x5_megaprize_open,
          minmay_the_grid_square_5x5_hollow_slash,
          minmay_the_grid_square_5x5_checkered,
          minmay_the_grid_square_5x5_minimal, minmay_the_grid_square_5x5_slash],
          layout_rooms, gauntlet_entry_generic
D:13:     layout_basic, david_vaults_3, special_room [special_room_orc],
          serial_shops, shop, reono_crystal_passage, uniq_josephine, uniq_urug
Temple:   cyrus_temple_forest
Lair:1:   layout_gridlike, basic_altar, gammafunk_ghost_icy, uniq_sonja,
          uniq_nergalle
Lair:2:   layout_small_grid, nicolae_spider_entry_non_spiders, basic_altar
Lair:3:   layout_roguey, cheibrodos_lair_reptile_den,
          infiniplex_staircase_pool_2, serial_bayou_shore_b, grunt_megastairs_5
Lair:4:   layout_roguey, elwin_shoals_entry_rooms, lemuel_fruit_tree,
          serial_bayou_shore_b
Lair:5:   layout_regular_city
Lair:6:   cheibrodos_lair_end_hotspot, layout_hall_layers,
          minmay_slime_entry_oklob_open, pond, serial_bayou_shore_b,
          infiniplex_staircase_pool
Orc:1:    layout_caves, serial_shops, nicolae_lakefront_shop, basic_altar,
          uniq_erica
Orc:2:    grunt_orc_community_town_hall, layout_diamond_mine,
          grunt_orc_community_big_house_2, grunt_orc_community_big_house_2,
          grunt_orc_community_house_1, grunt_orc_community_house_3,
          grunt_orc_community_house_2, grunt_orc_community_house_2,
          ebering_ghost_inner_flame

Skill      XL: |  1  2  3  4  5  6  7  8  9 10 11 12 13 14 15 |
---------------+----------------------------------------------+-----
Stealth        | 1 2 3 5 |  5.0
Fighting       | 2 4 5 6 7 8 10 11 12 13 | 13.0
Unarmed Combat | 5 6 7 8 10 11 12 13 | 13.0
Poison Magic   | 2 |  2.0
Dodging        | 4 6 7 8 10 11 12 13 | 13.0
Transmutations | 4 6 7 |  7.1
Ice Magic      | 1 2 4 |  4.0
Invocations    | 4 6 8 10 11 | 11.0
Air Magic      | 5 |  5.5
Spellcasting   | |  2.0

Action                   |  1- 3 |  4- 6 |  7- 9 | 10-12 | 13-15 || total
-------------------------+-------+-------+-------+-------+-------++-------
Melee: Unarmed           |    90 |    75 |   317 |   331 |   500 ||  1313
       Constrict         |    26 |    18 |    43 |    10 |       ||    97
       Tentacles         |    17 |    13 |    28 |     7 |     1 ||    66
       Kick              |    17 |    29 |    34 |     8 |       ||    88
       Punch             |     1 |     1 |    11 |     1 |       ||    14
 Cast: Beastly Appendage |    36 |    28 |    34 |     4 |       ||   102
       Spider Form       |       |       |    25 |     7 |       ||    32
       Ice Form          |       |       |     1 |    43 |    88 ||   132
       Wereblood         |       |       |     1 |     1 |     2 ||     4
Invok: Slouch            |       |       |       |       |    16 ||    16
Evoke: Wand              |       |       |     2 |     3 |    16 ||    21
  Use: Scroll            |     6 |     5 |    10 |     8 |     8 ||    37
       Potion            |       |     1 |     6 |     3 |     7 ||    17
 Stab: Sleeping          |    12 |     7 |    13 |     7 |     9 ||    48
       Paralysed         |       |       |     5 |     4 |       ||     9
Armor: Skin              |    10 |     5 |    22 |    67 |    88 ||   192
Dodge: Dodged            |    50 |    28 |   284 |   222 |   522 ||  1106

Table legend: (Time is in decaauts)
 A = Elapsed time spent in this place.
 B = Non-inter-level travel time spent in this place.
 C = Inter-level travel time spent in this place.
 D = Time resting spent in this place.
 E = Time spent auto-exploring this place.
 F = Levels seen in this place.
 G = Mean time per level.
                   A        B        C        D        E       F      G
               +--------+--------+--------+--------+--------+-----+--------+
         Total |  36840 |  34731 |   2109 |   5336 |  23550 |  25 | 1473.6 |
       Dungeon |  19032 |  17667 |   1365 |   3212 |  10854 |  13 | 1464.0 |
        Temple |    107 |     56 |     51 |      0 |     41 |   1 |  107.0 |
          Lair |  11112 |  10560 |    552 |    973 |   8610 |   6 | 1852.0 |
  Orcish Mines |   3839 |   3699 |    140 |    204 |   3206 |   2 | 1919.5 |
         Sewer |    616 |    616 |      0 |      1 |    381 |   1 |  616.0 |
        Bailey |   1478 |   1478 |      0 |    763 |    206 |   1 | 1478.0 |
      Gauntlet |    655 |    655 |      0 |    181 |    250 |   1 |  655.0 |
               +--------+--------+--------+--------+--------+-----+--------+

Top non-repeatable levels by time:
     D:9: 3693 daAuts
   Orc:2: 2629 daAuts
  Lair:3: 2368 daAuts
  Lair:2: 2310 daAuts
    D:10: 2073 daAuts
  Lair:5: 2032 daAuts
  Lair:4: 1965 daAuts
     D:5: 1932 daAuts
  Lair:1: 1889 daAuts
    D:12: 1639 daAuts
     D:7: 1583 daAuts
     D:1: 1577 daAuts
     D:8: 1520 daAuts
  Bailey: 1478 daAuts
   Orc:1: 1209 daAuts
